 Dungeon Crawl Stone Soup version 0.29-a0-284-gf9362112df (webtiles) character file.

Game seed: 16302171295667049396

13780 sanka the Nimble (level 12, -5/96 HPs)
             Began as a Gnoll Monk on Mar 14, 2022.
             Was the Champion of Jiyva.
             Slain by a two-headed ogre
             ... wielding a +0 giant spiked club
              (10 damage)
             ... on level 12 of the Dungeon.
             The game lasted 00:27:10 (8850 turns).

sanka the Nimble (Gnoll Monk)                       Turns: 8850, Time: 00:27:10

Health: -5/96      AC: 23    Str: 15    XL:     12   Next: 9%
Magic:  31/31      EV: 11    Int: 10    God:    Jiyva [******]
Gold:   277        SH: 10    Dex: 15    Spells: 24/24 levels left

rFire   . . .      SeeInvis .   b - +2 broad axe (vorpal)
rCold   + . .      Faith    +   H - +0 kite shield
rNeg    . . .      Spirit   .   N - +3 chain mail {rC+}
rPois   +          Reflect  .   (no helmet)
rElec   .          Harm     .   g - +0 cloak
rCorr   +          Rampage  .   (no gloves)
Will    .....                   (no boots)
Stlth   +.........              B - amulet of faith
HPRegen 1.86/turn               i - ring of magical power
MPRegen 0.72/turn               f - +4 ring of protection

@: slowed, very slow
A: fangs 1, strong nose, distributed training, iridescent scales 3, poison
resistance, wild magic 1, gelatinous body 3, pseudopods 1, jelly sensing items
a: Renounce Religion, Oozemancy, Slimify


You were on level 12 of the Dungeon.
You worshipped Jiyva.
Jiyva was exalted by your worship.
You visited 1 branch of the dungeon, and saw 13 of its levels.
You also visited: Bailey.

You collected 516 gold pieces.
You spent 239 gold pieces at shops.


Innate Abilities, Weirdness & Mutations

You have very sharp teeth.
Your uncanny sense of smell can sniff out nearby items.
Your experience applies equally to all skills.
You are completely covered in iridescent scales. (AC +6)
Your system is resistant to poisons. (rPois)
Your spells are a little harder to cast, but a little more powerful.
Your gelatinous body deflects attacks. (AC +3, EV +3)
Armour fits poorly on your pseudopods.
You have a small jelly attached to you that senses nearby items.


   Skills:
 + Level 9.6 Fighting
 + Level 6.9 Short Blades
 + Level 6.9 Long Blades
 + Level 9.6 Axes
 + Level 6.9 Maces & Flails
 + Level 6.9 Polearms
 + Level 6.9 Staves
 + Level 6.9 Slings
 + Level 6.9 Bows
 + Level 6.9 Crossbows
 + Level 6.9 Throwing
 + Level 6.9 Armour
 + Level 9.6 Dodging
 + Level 8.2 Stealth
 + Level 6.9 Shields
 + Level 6.9 Unarmed Combat
 + Level 6.9 Spellcasting
 + Level 5.7 Conjurations
 + Level 5.7 Hexes
 + Level 5.7 Summonings
 + Level 5.7 Necromancy
 + Level 5.7 Translocations
 + Level 5.7 Transmutations
 + Level 5.7 Fire Magic
 + Level 5.7 Ice Magic
 + Level 5.7 Air Magic
 + Level 5.7 Earth Magic
 + Level 5.7 Poison Magic
 + Level 7.6 Invocations
 + Level 6.9 Evocations


You had 24 spell levels left.
You didn't know any spells.
Your spell library contained the following spells:

 Spells                   Type           Power      Damage    Failure   Level
 Conjure Flame            Conj/Fire      19%        6-21      95%         3
 Ignite Poison            Fire/Tmut/Pois 19%        N/A       95%         3
 Sticky Flame             Conj/Fire      19%        2d4       100%        4

Inventory:

Hand Weapons
 a - the +10 trident "Acarine's Undoing" {vorpal, rCorr Str+4}

   It inflicts extra damage upon your enemies.
   Str:       It affects your strength (+4).
   rCorr:     It protects you from acid and corrosion.
 b - a +2 vorpal broad axe (weapon)
Missiles
 h - 20 poisoned darts (quivered)
 u - a curare-tipped dart {=f}
 A - 8 throwing nets {=f}
Armour
 g - a +0 cloak (worn)
 s - the +3 robe of Discretion {+Inv rC++} rC: It greatly protects you from cold. +Inv: It lets you turn invisible.
 H - a +0 kite shield (worn)
 J - +0 steam dragon scales
 N - a +3 chain mail of cold resistance (worn)
Jewellery
 f - a +4 ring of protection (right hand)
 i - a ring of magical power (left hand)
 B - an amulet of faith (around neck)
 C - a ring of positive energy
 O - an amulet of regeneration
Wands
 d - a wand of flame (19)
 o - a wand of polymorph (3)
 w - a wand of mindburst (19)
Scrolls
 l - a scroll of magic mapping
 m - 2 scrolls of enchant weapon
 q - 2 scrolls of teleportation {@r4}
 r - a scroll of fear
 t - a scroll of holy word
 y - a scroll of fog
 G - a scroll of blinking {unknown}
 I - a scroll of vulnerability {!r}
 K - a scroll of immolation {!r}
Potions
 c - a potion of ambrosia
 e - 2 potions of attraction {!q}
 j - a potion of heal wounds {@q2}
 k - a potion of brilliance {unknown}
 n - a potion of flight {unknown}
 v - a potion of berserk rage {unknown}
 x - 3 potions of haste {@q3}
 z - 4 potions of curing {@q1}
 E - 2 potions of mutation {unknown}

Dungeon Overview and Level Annotations

Branches:
Dungeon (13/15)            Temple (0/1) D:6            Lair (0/6) D:9
    Orc (0/2) D:10         Bailey (visited)
 Vaults: D:13-14

Altars:
Ashenzari
Cheibriados
Gozag
Makhleb
Qazlal
Ru
Sif Muna
Trog
Xom
Yredelemnul
Zin
The Shining One
Jiyva

Shops:
D:1 ?   D:8 ![=   D:11 [

Portals:
Trove: D:10 (give 6 potions of haste)

Annotations:
D:4 2 transporters, soark's ghost, amateur DECj
D:13 Lodul

∆
▒▒▒▒▒▒▒▒▒▒▒
▒.OgW......
▒.OO.......
▒..........
▒.▒▒▒▒▒▒▒▒▒
▒. ▒. ▒ ∆


You could see 3 two-headed ogres and a wraith.


Message History

* * * LOW HITPOINT WARNING * * *
The two-headed ogre hits you with a +0 giant club.
* * * LOW HITPOINT WARNING * * *
You block the wraith's attack.
You barely miss the two-headed ogre.
The two-headed ogre is almost dead.
You hit the two-headed ogre. You slash the two-headed ogre!
You closely miss the wraith.
The two-headed ogre hits you with a +0 giant spiked club!
* * * LOW HITPOINT WARNING * * *
The two-headed ogre misses you. You block the two-headed ogre's attack.
You block the two-headed ogre's attack. The wraith misses you.
The two-headed ogre completely misses you.
You block the two-headed ogre's attack.
You hit the two-headed ogre.
You bludgeon the two-headed ogre, but do no damage.
The two-headed ogre is almost dead.
You hit the two-headed ogre. You slash the two-headed ogre!
You hit the wraith but do no damage. The wraith misses you.
The two-headed ogre hits you with a +0 giant spiked club!
* * * LOW HITPOINT WARNING * * *
The two-headed ogre barely misses you. You block the two-headed ogre's attack.
The two-headed ogre hits you with a +0 dire flail!
You die...

Action                   |  1- 3 |  4- 6 |  7- 9 | 10-12 || total
-------------------------+-------+-------+-------+-------++-------
Melee: Hand axe          |    80 |   237 |   508 |    39 ||   864
       Bite              |     8 |    13 |    64 |    70 ||   155
       Unarmed           |    18 |       |       |       ||    18
       Punch             |       |     6 |     6 |       ||    12
       War axe           |       |       |       |   279 ||   279
       Trident           |       |       |       |   168 ||   168
       Broad axe         |       |       |       |    58 ||    58
       Pseudopods        |       |       |       |    29 ||    29
Throw: Dart              |       |     1 |     1 |       ||     2
Invok: Slimify           |       |       |     1 |       ||     1
       Oozemancy         |       |       |     1 |     2 ||     3
Evoke: Wand              |       |       |     1 |       ||     1
  Use: Scroll            |       |       |     6 |     4 ||    10
       Potion            |       |       |       |     1 ||     1
 Stab: Sleeping          |    11 |     5 |     4 |     1 ||    21
       Distracted        |       |       |       |     1 ||     1
Armor: Robe              |    16 |    75 |   159 |   127 ||   377
       Chain mail        |       |       |       |   147 ||   147
Dodge: Dodged            |    59 |   207 |   376 |   462 ||  1104
Block: Buckler           |       |       |    43 |    76 ||   119
       Kite shield       |       |       |       |   237 ||   237

Levels and vault maps discovered:
D:1:      lemuel_arrival_lava_pool, layout_basic, basic_ecumenical_altar,
          serial_shops, shop
D:2:      layout_basic, basic_altar, minmay_misc_feat_x, uniq_terence
D:3:      layout_basic, minmay_pentomino_pile
D:4:      layout_cave_pools, grunt_temple_overflow_order_and_chaos_2,
          gammafunk_ghost_stat_death, serial_glass, glass_columns_a,
          glass_columns_b, glass_columns_a, glass_columns_c, glass_columns_a,
          glass_columns_b, glass_columns_b, glass_columns_a, feat_on_display,
          feat_on_display, kennysheep_opposing_triangles
D:5:      layout_rooms, corexii_corridor_pit
D:6:      layout_basic, nicolae_ashenzari_skybound, temple_green, serial_glass,
          glass_columns_a, glass_columns_a, glass_columns_b, glass_columns_b,
          glass_columns_c, glass_columns_b, glass_columns_b, glass_columns_b,
          minmay_fractal_squares_gapless_5, uniq_menkaure
D:7:      layout_gridville, nicolae_overflow_hallway_of_the_gods,
          uniq_crazy_yiuf_cottage, uniq_pikel
D:8:      layout_basic, serial_shops, shop_coins, shop, kennysheep_little_box
D:9:      layout_loops_corners, david_lair_shrubbed, enter_bailey_4,
          grunt_livestock, minmay_misc_feat_nine_boxes
D:10:     layout_basic, erik_orc_3, gammafunk_ghost_ooze,
          nicolae_trove_entry_crossroad, pond
D:11:     layout_stronghold, serial_shops, nicolae_lakefront_shop,
          nicolae_yredelemnul_corpse_copse
D:12:     layout_basic
D:13:     layout_roguey, grunt_vaults_entry_fortified, uniq_rupert, uniq_lodul

Notes
Turn   | Place    | Note
-------+----------+-------------------------------------------
     0 | D:1      | sanka the Gnoll Monk began the quest for the Orb.
     0 | D:1      | Reached XP level 1. HP: 23/23 MP: 1/1
   193 | D:1      | Reached XP level 2. HP: 29/29 MP: 2/2
   254 | D:1      | Found Datefae's Magic Scroll Shoppe.
   441 | D:1      | Found a faded altar of an unknown god.
   458 | D:1      | Prayed at the altar of an unknown god.
   458 | D:1      | Became a worshipper of Jiyva Jorazuch the Shapeless
   458 | D:1      | Reached * piety under Jiyva
   458 | D:1      | Reached ** piety under Jiyva
   678 | D:1      | Reached *** piety under Jiyva
   752 | D:2      | Reached XP level 3. HP: 35/35 MP: 3/3
   771 | D:2      | Gained mutation: You expend magic power (3 MP) to
                  | strengthen your wands. [Jiyva's grace]
   771 | D:2      | Gained mutation: Your rubbery body absorbs attacks. (AC +1,
                  | EV +1) [Jiyva's grace]
   771 | D:2      | Gained mutation: Your pliable body absorbs attacks. (AC +2,
                  | EV +2) [Jiyva's grace]
   771 | D:2      | Gained mutation: Your gelatinous body deflects attacks. (AC
                  | +3, EV +3) [Jiyva's grace]
   815 | D:2      | Found a shimmering altar of Xom.
   905 | D:2      | Reached skill level 1 in Invocations
  1131 | D:2      | Noticed Terence
  1166 | D:2      | Killed Terence
  1167 | D:2      | Reached skill level 1 in Short Blades
  1167 | D:2      | Reached skill level 1 in Long Blades
  1167 | D:2      | Reached skill level 1 in Maces & Flails
  1167 | D:2      | Reached skill level 1 in Polearms
  1167 | D:2      | Reached skill level 1 in Staves
  1167 | D:2      | Reached skill level 1 in Slings
  1167 | D:2      | Reached skill level 1 in Bows
  1167 | D:2      | Reached skill level 1 in Crossbows
  1167 | D:2      | Reached skill level 1 in Throwing
  1167 | D:2      | Reached skill level 1 in Armour
  1167 | D:2      | Reached skill level 1 in Shields
  1167 | D:2      | Reached skill level 1 in Unarmed Combat
  1167 | D:2      | Reached skill level 1 in Spellcasting
  1167 | D:2      | Reached skill level 1 in Evocations
  1167 | D:2      | Reached XP level 4. HP: 38/41 MP: 4/5
  1305 | D:1      | Bought a scroll of teleportation for 42 gold pieces
  1305 | D:1      | Bought a scroll of fear for 49 gold pieces
  1464 | D:3      | Reached **** piety under Jiyva
  1536 | D:2      | Reached skill level 1 in Conjurations
  1536 | D:2      | Reached skill level 1 in Hexes
  1536 | D:2      | Reached skill level 1 in Summonings
  1536 | D:2      | Reached skill level 1 in Necromancy
  1536 | D:2      | Reached skill level 1 in Translocations
  1536 | D:2      | Reached skill level 1 in Transmutations
  1536 | D:2      | Reached skill level 1 in Fire Magic
  1536 | D:2      | Reached skill level 1 in Ice Magic
  1536 | D:2      | Reached skill level 1 in Air Magic
  1536 | D:2      | Reached skill level 1 in Earth Magic
  1536 | D:2      | Reached skill level 1 in Poison Magic
  1586 | D:3      | Reached XP level 5. HP: 47/47 MP: 7/7
  1699 | D:3      | Identified the +3 robe of Discretion {+Inv rC++}
  2130 | D:4      | Reached XP level 6. HP: 53/53 MP: 8/8
  2144 | D:4      | Reached skill level 2 in Invocations
  2192 | D:4      | Reached skill level 2 in Short Blades
  2192 | D:4      | Reached skill level 2 in Long Blades
  2192 | D:4      | Reached skill level 2 in Maces & Flails
  2192 | D:4      | Reached skill level 2 in Polearms
  2192 | D:4      | Reached skill level 2 in Staves
  2192 | D:4      | Reached skill level 2 in Slings
  2192 | D:4      | Reached skill level 2 in Bows
  2192 | D:4      | Reached skill level 2 in Crossbows
  2192 | D:4      | Reached skill level 2 in Throwing
  2192 | D:4      | Reached skill level 2 in Armour
  2192 | D:4      | Reached skill level 2 in Shields
  2192 | D:4      | Reached skill level 2 in Unarmed Combat
  2192 | D:4      | Reached skill level 2 in Spellcasting
  2192 | D:4      | Reached skill level 2 in Evocations
  2204 | D:4      | Reached ***** piety under Jiyva
  2230 | D:4      | Found a transporter.
  2232 | D:4      | Noticed soark's ghost (amateur DECj)
  2235 | D:4      | Lost mutation: Your gelatinous body deflects attacks. (AC
                  | +3, EV +3) [Jiyva's grace]
  2235 | D:4      | Gained mutation: You have a small jelly attached to you
                  | that senses nearby items. [Jiyva's grace]
  2235 | D:4      | Gained mutation: Your system is resistant to poisons.
                  | (rPois) [Jiyva's grace]
  2235 | D:4      | Gained mutation: Your spells are a little harder to cast,
                  | but a little more powerful. [Jiyva's grace]
  2235 | D:4      | Gained mutation: Your spells are harder to cast, but more
                  | powerful. [Jiyva's grace]
  2378 | D:4      | Noticed an Executioner
  2379 | D:4      | Found a burning altar of Makhleb.
  2383 | D:4      | Found a glowing silver altar of Zin.
  2383 | D:4      | Noticed an angel
  2508 | D:4      | Found a transporter.
  2571 | D:4      | Reached XP level 7. HP: 59/59 MP: 10/10
  2650 | D:4      | Reached skill level 7 in Fighting
  2650 | D:4      | Reached skill level 7 in Axes
  2650 | D:4      | Reached skill level 7 in Dodging
  2814 | D:4      | Reached skill level 2 in Conjurations
  2814 | D:4      | Reached skill level 2 in Hexes
  2814 | D:4      | Reached skill level 2 in Summonings
  2814 | D:4      | Reached skill level 2 in Necromancy
  2814 | D:4      | Reached skill level 2 in Translocations
  2814 | D:4      | Reached skill level 2 in Transmutations
  2814 | D:4      | Reached skill level 2 in Fire Magic
  2814 | D:4      | Reached skill level 2 in Ice Magic
  2814 | D:4      | Reached skill level 2 in Air Magic
  2814 | D:4      | Reached skill level 2 in Earth Magic
  2814 | D:4      | Reached skill level 2 in Poison Magic
  2914 | D:1      | Bought a scroll of identify for 28 gold pieces
  2977 | D:5      | Entered Level 5 of the Dungeon
  3160 | D:5      | Reached skill level 5 in Stealth
  3173 | D:5      | Noticed a troll
  3178 | D:5      | Slimified a troll
  3178 | D:5      | Noticed a slime creature
  3178 | D:5      | a troll changed into a slime creature
  3191 | D:5      | Reached skill level 3 in Invocations
  3370 | D:5      | Reached skill level 3 in Short Blades
  3370 | D:5      | Reached skill level 3 in Long Blades
  3370 | D:5      | Reached skill level 3 in Maces & Flails
  3370 | D:5      | Reached skill level 3 in Polearms
  3370 | D:5      | Reached skill level 3 in Staves
  3370 | D:5      | Reached skill level 3 in Slings
  3370 | D:5      | Reached skill level 3 in Bows
  3370 | D:5      | Reached skill level 3 in Crossbows
  3370 | D:5      | Reached skill level 3 in Throwing
  3370 | D:5      | Reached skill level 3 in Armour
  3370 | D:5      | Reached skill level 3 in Shields
  3370 | D:5      | Reached skill level 3 in Unarmed Combat
  3370 | D:5      | Reached skill level 3 in Spellcasting
  3370 | D:5      | Reached skill level 3 in Evocations
  3370 | D:5      | Reached XP level 8. HP: 67/67 MP: 12/12
  3537 | D:6      | Found a staircase to the Ecumenical Temple.
  3744 | D:6      | Noticed Menkaure
  3761 | D:6      | Killed Menkaure
  3819 | D:6      | Reached skill level 3 in Conjurations
  3819 | D:6      | Reached skill level 3 in Hexes
  3819 | D:6      | Reached skill level 3 in Summonings
  3819 | D:6      | Reached skill level 3 in Necromancy
  3819 | D:6      | Reached skill level 3 in Translocations
  3819 | D:6      | Reached skill level 3 in Transmutations
  3819 | D:6      | Reached skill level 3 in Fire Magic
  3819 | D:6      | Reached skill level 3 in Ice Magic
  3819 | D:6      | Reached skill level 3 in Air Magic
  3819 | D:6      | Reached skill level 3 in Earth Magic
  3819 | D:6      | Reached skill level 3 in Poison Magic
  3819 | D:6      | Reached skill level 4 in Invocations
  3835 | D:6      | Found a broken altar of Ashenzari.
  3990 | D:6      | Reached XP level 9. HP: 66/73 MP: 14/14
  4153 | D:7      | Lost mutation: Your pliable body absorbs attacks. (AC +2,
                  | EV +2) [Jiyva's grace]
  4153 | D:7      | Lost mutation: You expend magic power (3 MP) to strengthen
                  | your wands. [Jiyva's grace]
  4153 | D:7      | Gained mutation: Your mind is acute. (Int +2) [Jiyva's
                  | grace]
  4153 | D:7      | Gained mutation: Your mind is very acute. (Int +4) [Jiyva's
                  | grace]
  4153 | D:7      | Gained mutation: You have a pair of small antennae on your
                  | head. [Jiyva's grace]
  4153 | D:7      | Gained mutation: You have a pair of antennae on your head.
                  | [Jiyva's grace]
  4229 | D:7      | Reached skill level 4 in Short Blades
  4229 | D:7      | Reached skill level 4 in Long Blades
  4229 | D:7      | Reached skill level 4 in Maces & Flails
  4229 | D:7      | Reached skill level 4 in Polearms
  4229 | D:7      | Reached skill level 4 in Staves
  4229 | D:7      | Reached skill level 4 in Slings
  4229 | D:7      | Reached skill level 4 in Bows
  4229 | D:7      | Reached skill level 4 in Crossbows
  4229 | D:7      | Reached skill level 4 in Throwing
  4229 | D:7      | Reached skill level 4 in Armour
  4229 | D:7      | Reached skill level 4 in Shields
  4229 | D:7      | Reached skill level 4 in Unarmed Combat
  4229 | D:7      | Reached skill level 4 in Spellcasting
  4229 | D:7      | Reached skill level 4 in Evocations
  4237 | D:7      | Reached skill level 6 in Stealth
  4239 | D:7      | Reached skill level 8 in Fighting
  4239 | D:7      | Reached skill level 8 in Axes
  4239 | D:7      | Reached skill level 8 in Dodging
  4347 | D:7      | Reached skill level 5 in Invocations
  4432 | D:7      | Noticed Pikel
  4505 | D:7      | Killed Pikel
  4506 | D:7      | Reached skill level 4 in Conjurations
  4506 | D:7      | Reached skill level 4 in Hexes
  4506 | D:7      | Reached skill level 4 in Summonings
  4506 | D:7      | Reached skill level 4 in Necromancy
  4506 | D:7      | Reached skill level 4 in Translocations
  4506 | D:7      | Reached skill level 4 in Transmutations
  4506 | D:7      | Reached skill level 4 in Fire Magic
  4506 | D:7      | Reached skill level 4 in Ice Magic
  4506 | D:7      | Reached skill level 4 in Air Magic
  4506 | D:7      | Reached skill level 4 in Earth Magic
  4506 | D:7      | Reached skill level 4 in Poison Magic
  4506 | D:7      | Reached XP level 10. HP: 41/80 MP: 17/17
  4622 | D:7      | Found a bloodstained altar of Trog.
  4624 | D:7      | Found a shimmering blue altar of Sif Muna.
  4631 | D:7      | Found a glowing golden altar of the Shining One.
  4633 | D:7      | Found a snail-covered altar of Cheibriados.
  4634 | D:7      | Found a sacrificial altar of Ru.
  4640 | D:7      | Found an opulent altar of Gozag.
  4641 | D:7      | Found a stormy altar of Qazlal.
  5032 | D:7      | Reached ****** piety under Jiyva
  5045 | D:7      | Reached skill level 5 in Short Blades
  5045 | D:7      | Reached skill level 5 in Long Blades
  5045 | D:7      | Reached skill level 5 in Maces & Flails
  5045 | D:7      | Reached skill level 5 in Polearms
  5045 | D:7      | Reached skill level 5 in Staves
  5045 | D:7      | Reached skill level 5 in Slings
  5045 | D:7      | Reached skill level 5 in Bows
  5045 | D:7      | Reached skill level 5 in Crossbows
  5045 | D:7      | Reached skill level 5 in Throwing
  5045 | D:7      | Reached skill level 5 in Armour
  5045 | D:7      | Reached skill level 5 in Shields
  5045 | D:7      | Reached skill level 5 in Unarmed Combat
  5045 | D:7      | Reached skill level 5 in Spellcasting
  5045 | D:7      | Reached skill level 5 in Evocations
  5073 | D:7      | Found a runed translucent door.
  5074 | D:7      | Noticed Crazy Yiuf
  5084 | D:7      | Killed Crazy Yiuf
  5252 | D:8      | Found Suwuw's Jewellery Emporium.
  5367 | D:8      | Found Ypleigurph's Antique Armour Emporium.
  5406 | D:8      | Identified +0 steam dragon scales
  5458 | D:8      | Found Jiepeosao's Distillery.
  5514 | D:8      | Lost mutation: Your mind is very acute. (Int +4) [Jiyva's
                  | grace]
  5514 | D:8      | Lost mutation: Your mind is acute. (Int +2) [Jiyva's grace]
  5514 | D:8      | Lost mutation: Your rubbery body absorbs attacks. (AC +1,
                  | EV +1) [Jiyva's grace]
  5514 | D:8      | Gained mutation: Your rubbery body absorbs attacks. (AC +1,
                  | EV +1) [Jiyva's grace]
  5514 | D:8      | Gained mutation: Your pliable body absorbs attacks. (AC +2,
                  | EV +2) [Jiyva's grace]
  5514 | D:8      | Gained mutation: Your gelatinous body deflects attacks. (AC
                  | +3, EV +3) [Jiyva's grace]
  5514 | D:8      | Gained mutation: You are covered in slimy tendrils that may
                  | disarm your opponents. [Jiyva's grace]
  5541 | D:8      | Identified +0 steam dragon scales
  5865 | D:9      | Reached skill level 6 in Invocations
  5913 | D:9      | Reached skill level 7 in Stealth
  6066 | D:9      | Found a flagged portal.
  6092 | Bailey   | Entered a bailey
  6306 | Bailey   | Reached XP level 11. HP: 56/87 MP: 19/19
  6861 | D:9      | Found a staircase to the Lair.
  6917 | D:9      | Noticed a two-headed ogre
  6924 | D:9      | Killed a two-headed ogre
  6925 | D:9      | Reached skill level 9 in Fighting
  6925 | D:9      | Reached skill level 6 in Short Blades
  6925 | D:9      | Reached skill level 6 in Long Blades
  6925 | D:9      | Reached skill level 9 in Axes
  6925 | D:9      | Reached skill level 6 in Maces & Flails
  6925 | D:9      | Reached skill level 6 in Polearms
  6925 | D:9      | Reached skill level 6 in Staves
  6925 | D:9      | Reached skill level 6 in Slings
  6925 | D:9      | Reached skill level 6 in Bows
  6925 | D:9      | Reached skill level 6 in Crossbows
  6925 | D:9      | Reached skill level 6 in Throwing
  6925 | D:9      | Reached skill level 6 in Armour
  6925 | D:9      | Reached skill level 9 in Dodging
  6925 | D:9      | Reached skill level 6 in Shields
  6925 | D:9      | Reached skill level 6 in Unarmed Combat
  6925 | D:9      | Reached skill level 6 in Spellcasting
  6925 | D:9      | Reached skill level 5 in Conjurations
  6925 | D:9      | Reached skill level 5 in Hexes
  6925 | D:9      | Reached skill level 5 in Summonings
  6925 | D:9      | Reached skill level 5 in Necromancy
  6925 | D:9      | Reached skill level 5 in Translocations
  6925 | D:9      | Reached skill level 5 in Transmutations
  6925 | D:9      | Reached skill level 5 in Fire Magic
  6925 | D:9      | Reached skill level 5 in Ice Magic
  6925 | D:9      | Reached skill level 5 in Air Magic
  6925 | D:9      | Reached skill level 5 in Earth Magic
  6925 | D:9      | Reached skill level 5 in Poison Magic
  6925 | D:9      | Reached skill level 6 in Evocations
  7097 | D:9      | Noticed a two-headed ogre
  7113 | D:9      | Killed a two-headed ogre
  7640 | D:10     | Entered Level 10 of the Dungeon
  7647 | D:10     | Killed epen's ghost
  7673 | D:10     | Found a runed translucent gate.
  7674 | D:10     | Found a runed translucent gate.
  7675 | D:10     | Found a runed translucent gate.
  7677 | D:10     | Found a viscous altar of Jiyva.
  7702 | D:10     | Identified the +10 trident "Acarine's Undoing" {vorpal,
                  | rCorr Str+4}
  7754 | D:10     | Identified +0 acid dragon scales
  7859 | D:10     | Found a staircase to the Orcish Mines.
  7880 | D:10     | Noticed a two-headed ogre
  7889 | D:10     | Killed a two-headed ogre
  7890 | D:10     | Reached skill level 7 in Invocations
  7921 | D:10     | Lost mutation: You have a pair of antennae on your head.
                  | [Jiyva's grace]
  7921 | D:10     | Lost mutation: You have a pair of small antennae on your
                  | head. [Jiyva's grace]
  7921 | D:10     | Lost mutation: Your spells are harder to cast, but more
                  | powerful. [Jiyva's grace]
  7921 | D:10     | Lost mutation: You are covered in slimy tendrils that may
                  | disarm your opponents. [Jiyva's grace]
  7921 | D:10     | Gained mutation: You are partially covered in iridescent
                  | scales. (AC +2) [Jiyva's grace]
  7921 | D:10     | Gained mutation: You are mostly covered in iridescent
                  | scales. (AC +4) [Jiyva's grace]
  7921 | D:10     | Gained mutation: You are completely covered in iridescent
                  | scales. (AC +6) [Jiyva's grace]
  7921 | D:10     | Gained mutation: Armour fits poorly on your pseudopods.
                  | [Jiyva's grace]
  7956 | D:10     | Found a portal to a secret trove of treasure.
  8051 | D:8      | Bought a potion of haste for 120 gold pieces
  8405 | D:11     | Found Dimmeffayte's Antique Armour Shoppe.
  8499 | D:11     | Reached skill level 8 in Stealth
  8525 | D:11     | Found a basalt altar of Yredelemnul.
  8539 | D:11     | Reached XP level 12. HP: 93/96 MP: 22/22
  8698 | D:11     | Killed a two-headed ogre
  8839 | D:13     | Noticed Lodul
  8839 | D:13     | Noticed a two-headed ogre
  8839 | D:13     | Noticed a two-headed ogre
  8839 | D:13     | Noticed a two-headed ogre
  8839 | D:13     | Noticed a two-headed ogre
  8839 | D:13     | Noticed a two-headed ogre
  8850 | D:12     | HP: 5/96 [two-headed ogre/+0 giant spiked club (13)]
  8850 | D:12     | Slain by a two-headed ogre

Vanquished Creatures
  2 two-headed ogres
  A manticore (D:11)
  9 centaur zombies (D:11)
  2 komodo dragons
  A hornet (D:7)
  A meliai zombie (D:11)
  A vampire (D:11)
  A wyvern (D:9)
  6 yaks (D:7)
  A wraith (D:9)
  A human (D:9)
  2 steam dragons
  2 acid dragons (D:10)
  4 orc warriors
  3 sky beasts
  2 ice beasts
  An ogre (D:5)
  3 wolves (Bailey)
  A lemure (D:7)
  A phantom (D:5)
  3 kobold brigands
  9 gnoll sergeants
  2 necrophages (D:6)
  2 scorpions
  3 bullfrogs
  7 wights
  4 killer bees (D:7)
  3 howler monkeys
  Crazy Yiuf (D:7)
  6 hounds
  6 orc priests
  5 gnoll shamans (Bailey)
  Terence (D:2)
  4 iguanas
  11 orc wizards
  A howler monkey zombie (D:11)
  17 gnolls
  9 adders
  A river rat (D:10)
  A white imp (D:8)
  An ufetubus (D:7)
  A dart slug (D:1)
  40 orcs
  6 bats
  2 endoplasms (D:1)
  2 giant cockroaches
  7 goblins
  13 hobgoblins
  26 kobolds
  3 quokkas
  4 ball pythons
  A frilled lizard (D:3)
  6 rats
253 creatures vanquished.

Vanquished Creatures (collateral kills)
  A two-headed ogre (D:9)
  Pikel (D:7)
  A shadow (D:9)
  A yak (D:9)
  3 hogs (D:9)
  A steam dragon (D:8)
  Menkaure (D:6)
  An orc priest (D:4)
  A hound (D:4)
  2 orcs
13 creatures vanquished.

Vanquished Creatures (others)
  The ghost of epen the Frost Mage, a journeyman NaIE of Vehumet (D:10)
  A two-headed ogre (D:11)
  A slime creature (D:11)
  A steam dragon (D:9)
  A bullfrog (D:10)
  A scorpion (D:6)
  8 jellies
  A howler monkey (D:8)
  A hound (D:6)
  2 orc priests
  An orc wizard (D:8)
  An adder (D:6)
  A shadow imp (D:6)
  An ufetubus (D:6)
  2 dart slugs (D:3)
  4 orcs
  2 ball pythons
  2 bats
  3 endoplasms
  A goblin (D:2)
  5 hobgoblins
  2 jackals (D:2)
  2 kobolds
  A frilled lizard (D:3)
  3 fungi (D:7)
  32 plants
81 creatures vanquished.

Grand Total: 347 creatures vanquished
